PL
CHARLESTON BATTERY @ D.C. DIVIDED
08/05/2034
 
TOP OF THE 1ST
Charleston Battery batting - Pitching for D.C. Divided : RHP Manuel Delgadillo
Pitching: RHP Manuel Delgadillo
Batting: LHB Joey Coco 0-0: Ball
1-0: Ball
2-0: Ball
3-0: Called Strike
3-1: Base on Balls
Batting: LHB Datu Lesaca 0-0: Ball
1-0: Fly out, F7 (Flyball, 7)
Batting: SHB Jasper Morrison 0-0: Ball
1-0: Ball
2-0: SINGLE (Line Drive, 34)
Joey Coco to second
Batting: LHB Spencer Powell 0-0: Called Strike
0-1: Fly out, F7 (Flyball, 7LM)
Batting: SHB Tony Manzanares 0-0: Ball
1-0: Fly out, F8 (Flyball, 8LM)
Top of the 1st over - 0 runs, 1 hit, 0 errors, 2 left on base; Charleston 0 - D.C. 0
BOTTOM OF THE 1ST
D.C. Divided batting - Pitching for Charleston Battery : RHP Miguel Angel Martínez
Pitching: RHP Miguel Angel Martínez
Batting: RHB Arturo Rodríguez 0-0: Ball
1-0: Ground out 5-3 (Groundball, 56S)
Batting: RHB Ken Bone 0-0: Called Strike
0-1: Ball
1-1: Ball
2-1: Ball
3-1: Foul Ball, location: 2F
3-2: Base on Balls
Batting: RHB José Torres 0-0: Called Strike
0-1: Foul Ball, location: 2F
0-2: Ball
1-2: 2-RUN HOME RUN (Flyball, 7LD), Distance : 357 ft
Batting: RHB Wilbur Davis 0-0: DOUBLE (Line Drive, 9LM)
Batting: LHB Yao-pang Chiang 0-0: Ball
1-0: Ball
2-0: Called Strike
2-1: Ball
3-1: Base on Balls
Batting: RHB Daryl Yandell 0-0: Ball
1-0: Ball
2-0: Foul Ball, location: 2F
2-1: Grounds into double play, 6-4-3 (Groundball, 6)
Bottom of the 1st over - 2 runs, 2 hits, 0 errors, 1 left on base; Charleston 0 - D.C. 2
TOP OF THE 2ND
Charleston Battery batting - Pitching for D.C. Divided : RHP Manuel Delgadillo
Batting: LHB Vicente Gonzáles 0-0: Foul Ball, location: 2F
0-1: Ball
1-1: Ball
2-1: Foul Ball, location: 2F
2-2: Foul Ball, location: 2F
2-2: Ball
3-2: Base on Balls
Batting: RHB Luis Ríos 0-0: Called Strike
0-1: Swinging Strike
0-2: Ball
1-2: Ball
2-2: Ball
3-2: Base on Balls
Vicente Gonzáles to second
Batting: RHB Fernando Rivera 0-0: Grounds into double play, 6-4-3 (Groundball, 6)
Vicente Gonzáles to third
Batting: RHB Jesús Ruano 0-0: Called Strike
0-1: Foul Ball, location: 2F
0-2: TRIPLE (Flyball, 8LXD)
Vicente Gonzáles scores
Batting: LHB Joey Coco 0-0: Swinging Strike
0-1: Ground out U3 (Groundball, 3L)
Top of the 2nd over - 1 run, 1 hit, 0 errors, 1 left on base; Charleston 1 - D.C. 2
BOTTOM OF THE 2ND
D.C. Divided batting - Pitching for Charleston Battery : RHP Miguel Angel Martínez
Batting: RHB Júlio Rodríguez 0-0: Ball
1-0: Ball
2-0: Called Strike
2-1: Ball
3-1: Foul Ball, location: 2F
3-2: Foul Ball, location: 2F
3-2: Fly out, F7 (Flyball, 7LD)
Batting: RHB David Tineo 0-0: Ball
1-0: Ball
2-0: Fly out, F8 (Flyball, 8RD)
Batting: RHB Sherman N'Dir 0-0: SINGLE (Line Drive, 7LM)
Batting: RHB Arturo Rodríguez 0-0: Swinging Strike
0-1: Ball
1-1: Ball
Throwing error on steal attempt, E2
Sherman N'Dir to third
2-1: Fly out, F7 (Flyball, 78S)
Bottom of the 2nd over - 0 runs, 1 hit, 1 error, 1 left on base; Charleston 1 - D.C. 2
TOP OF THE 3RD
Charleston Battery batting - Pitching for D.C. Divided : RHP Manuel Delgadillo
Batting: LHB Datu Lesaca 0-0: Ball
1-0: Foul Ball, location: 2F
1-1: Ball
2-1: Foul Ball, location: 2F
2-2: Foul Ball, location: 2F
2-2: Ball
3-2: Ground out 4-3 (Groundball, 4)
Batting: SHB Jasper Morrison 0-0: Fly out, F7 (Flyball, 7LM)
Batting: LHB Spencer Powell 0-0: Ball
1-0: Called Strike
1-1: DOUBLE (Line Drive, 5D)
Batting: SHB Tony Manzanares 0-0: Fly out, F7 (Flyball, 7S)
Top of the 3rd over - 0 runs, 1 hit, 0 errors, 1 left on base; Charleston 1 - D.C. 2
BOTTOM OF THE 3RD
D.C. Divided batting - Pitching for Charleston Battery : RHP Miguel Angel Martínez
Batting: RHB Ken Bone 0-0: Foul Ball, location: 2F
0-1: Ground out 6-3 (Groundball, 6)
Batting: RHB José Torres 0-0: Called Strike
0-1: Ball
1-1: Swinging Strike
1-2: Fly out, F7 (Flyball, 78S)
Batting: RHB Wilbur Davis 0-0: Ball
1-0: Swinging Strike
1-1: Foul Ball, location: 2F
1-2: Strikes out swinging
Bottom of the 3rd over - 0 runs, 0 hits, 0 errors, 0 left on base; Charleston 1 - D.C. 2
TOP OF THE 4TH
Charleston Battery batting - Pitching for D.C. Divided : RHP Manuel Delgadillo
Batting: LHB Vicente Gonzáles 0-0: Ball
1-0: Ball
2-0: Swinging Strike
2-1: Called Strike
2-2: Strikes out looking
Batting: RHB Luis Ríos 0-0: Called Strike
0-1: Swinging Strike
0-2: Strikes out swinging
Batting: RHB Fernando Rivera 0-0: Called Strike
0-1: Ball
1-1: Called Strike
1-2: Ball
2-2: Foul Ball, location: 2F
2-2: Foul Ball, location: 2F
2-2: Strikes out swinging
Top of the 4th over - 0 runs, 0 hits, 0 errors, 0 left on base; Charleston 1 - D.C. 2
BOTTOM OF THE 4TH
D.C. Divided batting - Pitching for Charleston Battery : RHP Miguel Angel Martínez
Batting: LHB Yao-pang Chiang 0-0: Ball
1-0: Called Strike
1-1: Fly out, F8 (Line Drive, 8RD)
Batting: RHB Daryl Yandell 0-0: Foul Ball, location: 2F
0-1: Called Strike
0-2: Ball
1-2: Foul Ball, location: 2F
1-2: Foul Ball, location: 2F
1-2: Ground out 4-3 (Groundball, 4)
Batting: RHB Júlio Rodríguez 0-0: Ball
1-0: Swinging Strike
1-1: Ground out 6-3 (Groundball, 6)
Bottom of the 4th over - 0 runs, 0 hits, 0 errors, 0 left on base; Charleston 1 - D.C. 2
TOP OF THE 5TH
Charleston Battery batting - Pitching for D.C. Divided : RHP Manuel Delgadillo
Batting: RHB Jesús Ruano 0-0: Ball
1-0: Fly out, F8 (Flyball, 8RM)
Batting: LHB Joey Coco 0-0: Fly out, F9 (Flyball, 9)
Batting: LHB Datu Lesaca 0-0: Called Strike
0-1: Swinging Strike
0-2: SINGLE (Groundball, 4S) (infield hit)
Batting: SHB Jasper Morrison 0-0: Ball
1-0: Ball
2-0: Called Strike
2-1: Ground out 4-3 (Groundball, 4)
Top of the 5th over - 0 runs, 1 hit, 0 errors, 1 left on base; Charleston 1 - D.C. 2
BOTTOM OF THE 5TH
D.C. Divided batting - Pitching for Charleston Battery : RHP Miguel Angel Martínez
Batting: RHB David Tineo 0-0: Called Strike
0-1: Ball
1-1: Ball
2-1: Swinging Strike
2-2: Ball
3-2: Foul Ball, location: 2F
3-2: Base on Balls
Batting: RHB Sherman N'Dir 0-0: Sac Bunt - play at first, batter OUT! 2-3
David Tineo to second
Batting: RHB Arturo Rodríguez 0-0: Ball
1-0: 2-RUN HOME RUN (Flyball, 7D), Distance : 399 ft
Batting: RHB Ken Bone 0-0: SINGLE (Groundball, 34D)
Batting: RHB José Torres 0-0: Called Strike
0-1: Ball
1-1: Called Strike
1-2: Foul Ball, location: 2F
1-2: Foul Ball, location: 2F
1-2: Fly out, F8 (Flyball, 8RD)
Batting: RHB Wilbur Davis 0-0: Called Strike
0-1: Fly out, F8 (Flyball, 8LD)
Bottom of the 5th over - 2 runs, 2 hits, 0 errors, 1 left on base; Charleston 1 - D.C. 4
TOP OF THE 6TH
Charleston Battery batting - Pitching for D.C. Divided : RHP Manuel Delgadillo
Batting: LHB Spencer Powell 0-0: Ball
1-0: Swinging Strike
1-1: Fly out, F8 (Flyball, 8LM)
Batting: SHB Tony Manzanares 0-0: Ball
1-0: Foul Ball, location: 2F
1-1: Ball
2-1: Ball
3-1: Base on Balls
Batting: LHB Vicente Gonzáles 0-0: Called Strike
0-1: Ball
1-1: Ball
2-1: Called Strike
2-2: Strikes out swinging
Batting: RHB Luis Ríos 0-0: Ball
1-0: Ball
2-0: Ball
3-0: Called Strike
3-1: Fielders Choice at 2nd, 5-4 (Groundball, 56)
Top of the 6th over - 0 runs, 0 hits, 0 errors, 1 left on base; Charleston 1 - D.C. 4
BOTTOM OF THE 6TH
D.C. Divided batting - Pitching for Charleston Battery : RHP Miguel Angel Martínez
Batting: LHB Yao-pang Chiang 0-0: Swinging Strike
0-1: Foul Ball, location: 2F
0-2: Ball
1-2: Foul Ball, location: 2F
1-2: Ball
2-2: Foul Ball, location: 2F
2-2: Foul Ball, location: 2F
2-2: Fly out, F7 (Flyball, 7S)
Batting: RHB Daryl Yandell 0-0: Called Strike
0-1: Ball
1-1: Ball
2-1: Fly out, F9 (Line Drive, 89S)
Batting: RHB Júlio Rodríguez 0-0: Ball
1-0: Foul Ball, location: 2F
1-1: Ground out 6-3 (Groundball, 6)
Bottom of the 6th over - 0 runs, 0 hits, 0 errors, 0 left on base; Charleston 1 - D.C. 4
TOP OF THE 7TH
Charleston Battery batting - Pitching for D.C. Divided : RHP Manuel Delgadillo
Batting: RHB Fernando Rivera 0-0: Ground out 6-3 (Groundball, 6)
Batting: RHB Jesús Ruano 0-0: Foul Ball, location: 2F
0-1: Foul Ball, location: 2F
0-2: Ball
1-2: Ball
2-2: Ball
3-2: Strikes out swinging
Batting: LHB Joey Coco 0-0: Ball
1-0: Ball
2-0: Called Strike
2-1: Called Strike
2-2: Ground out 5-3 (Groundball, 5S)
Top of the 7th over - 0 runs, 0 hits, 0 errors, 0 left on base; Charleston 1 - D.C. 4
BOTTOM OF THE 7TH
D.C. Divided batting - Pitching for Charleston Battery : RHP Miguel Angel Martínez
Pitching: RHP Marcos Oquendo
Batting: RHB David Tineo 0-0: Called Strike
0-1: SINGLE (Groundball, 6MD)
Batting: RHB Sherman N'Dir 0-0: Ball
1-0: Sac Bunt - play at first, batter OUT! 1-4
David Tineo to second
Batting: RHB Arturo Rodríguez 0-0: Called Strike
0-1: Ball
1-1: Ball
2-1: Swinging Strike
2-2: Ball
3-2: Strikes out swinging
Batting: RHB Ken Bone 0-0: Foul Ball, location: 2F
0-1: Foul Ball, location: 2F
0-2: Ball
1-2: Strikes out looking
Bottom of the 7th over - 0 runs, 1 hit, 0 errors, 1 left on base; Charleston 1 - D.C. 4
TOP OF THE 8TH
Charleston Battery batting - Pitching for D.C. Divided : RHP Manuel Delgadillo
Batting: LHB Datu Lesaca 0-0: Ball
1-0: Ball
2-0: Ball
3-0: Foul Ball, location: 2F
3-1: Base on Balls
Batting: SHB Jasper Morrison 0-0: Called Strike
0-1: Ball
1-1: Ball
2-1: Foul Ball, location: 2F
2-2: DOUBLE (Flyball, 78D)
Datu Lesaca to third
Runner from 3rd tries for Home, throw and OUT!
Jasper Morrison to third
Pitching: RHP Brewster Warble
Batting: LHB Spencer Powell 0-0: Foul Ball, location: 2F
0-1: Foul Ball, location: 2F
0-2: Strikes out swinging
Batting: SHB Tony Manzanares 0-0: Ball
1-0: Foul Ball, location: 2F
1-1: Swinging Strike
1-2: Strikes out looking
Top of the 8th over - 0 runs, 1 hit, 0 errors, 1 left on base; Charleston 1 - D.C. 4
BOTTOM OF THE 8TH
D.C. Divided batting - Pitching for Charleston Battery : RHP Marcos Oquendo
Batting: RHB José Torres 0-0: Foul Ball, location: 2F
0-1: Ball
1-1: Ground out 6-3 (Groundball, 6)
Batting: RHB Wilbur Davis 0-0: Ball
1-0: Foul Ball, location: 2F
1-1: Foul Ball, location: 2F
1-2: Ground out 6-3 (Groundball, 6S)
Batting: LHB Yao-pang Chiang 0-0: SINGLE (Groundball, 34D)
Batting: RHB Daryl Yandell 0-0: Ball
1-0: Ball
2-0: Swinging Strike
2-1: Ball
3-1: Fly out, F7 (Flyball, 7LD)
Bottom of the 8th over - 0 runs, 1 hit, 0 errors, 1 left on base; Charleston 1 - D.C. 4
TOP OF THE 9TH
Charleston Battery batting - Pitching for D.C. Divided : RHP Brewster Warble
Pitching: RHP Roberto Silva
Batting: LHB Vicente Gonzáles 0-0: Ball
1-0: Ball
2-0: Ball
3-0: Called Strike
3-1: Swinging Strike
3-2: Foul Ball, location: 2F
3-2: Strikes out swinging
Batting: RHB Luis Ríos 0-0: Called Strike
0-1: Ball
1-1: Called Strike
1-2: Foul Ball, location: 2F
1-2: Fly out, F9 (Flyball, 9LDF)
Batting: RHB Fernando Rivera 0-0: Called Strike
0-1: Called Strike
0-2: Strikes out swinging
Top of the 9th over - 0 runs, 0 hits, 0 errors, 0 left on base; Charleston 1 - D.C. 4
Friday, March 29th, 2019 - OOTP Baseball 18.8 Build 76